 Dungeon Sprint DCSS version 0.20.0-10-g0535bb4 (webtiles) character file.

20333 minicreteconcrete the Sorcerer (level 12, -2/67 HPs)
             Began as a Deep Elf Air Elementalist on June 7, 2017.
             Was the Champion of Vehumet.
             Killed from afar by an ice dragon (33 damage)
             ... with a blast of cold
             ... in the Dungeon (Sprint IX: "|||||||||||||||||||||||||||||").
             The game lasted 00:15:05 (2279 turns).

minicreteconcrete the Sorcerer (DEAE)               Turns: 2279, Time: 00:15:05

Health: -2/67      AC: 10    Str:  5    XL:     12   Next: 44%
Magic:  13/55      EV: 21    Int: 26    God:    Vehumet [******]
Gold:   311        SH:  0    Dex: 15    Spells: 28/55 levels left

rFire    . . .     SeeInvis .   t - staff of power
rCold    . . .     Gourm    .   (no shield)
rNeg     . . .     Faith    .   o - +0 robe
rPois    .         Spirit   .   q - +1 helmet
rElec    .         Reflect  .   L - +1 cloak
rCorr    .         Harm     .   p - +0 pair of gloves
MR       +....     NoTele   +   B - +0 pair of boots
Stlth    ++........             (no amulet)
Regen    0.3/turn               r - +2 ring of protection
MPRegen  0.4/turn               s - +2 ring of evasion

@: no status effects
A: no striking features
a: Renounce Religion


You were in the Dungeon.
You worshipped Vehumet.
Vehumet was exalted by your worship.
You were not hungry.

You visited 1 branch You collected 1937 gold pieces.
You spent 1626 gold pieces at shops.

Inventory:

Hand Weapons
 a - the +3 war axe "Redaghi" {chop, *Rage rPois rN++ MP+9}
   (You found it in the Dungeon)

   It inflicts extra damage upon your enemies.
   It protects you from poison.
   It greatly protects you from negative energy.
   It affects your magic capacity (+9).
   It may make you go berserk in combat.
Armour
 o - a +0 robe (worn)
 p - a +0 pair of gloves (worn)
 q - a +1 helmet (worn)
 B - a +0 pair of boots (worn)
 K - the +4 shield of Baldness {rF+++ MP-9 Int+4}
   (You found it in the Dungeon)

   It affects your intelligence (+4).
   It renders you almost immune to fire.
   It affects your magic capacity (-9).
 L - a +1 cloak (worn)
Magical Staves
 b - an uncursed staff of energy
 t - an uncursed staff of power (weapon)
Jewellery
 r - a +2 ring of protection (left hand)
 s - a +2 ring of evasion (right hand)
 E - an uncursed ring of poison resistance
 F - an uncursed ring of wizardry
 G - an uncursed ring of resist corrosion
 I - an uncursed ring of see invisible
 J - an uncursed ring of fire
Wands
 m - a wand of iceblast (7/15)
Scrolls
 i - 3 scrolls of blinking
 k - 3 scrolls of remove curse
 l - 2 scrolls of amnesia
 u - 3 scrolls of identify
 v - 2 scrolls of fear
 w - 2 scrolls of fog
 y - a scroll of immolation
 P - 2 scrolls of enchant weapon
Potions
 d - a potion of invisibility
 e - 7 potions of heal wounds
 f - 3 potions of haste
 g - 4 potions of magic
 h - 3 potions of curing
 j - 2 potions of resistance
 M - a potion of mutation
 N - a potion of agility
 O - a potion of might
Books
 n - a book of Air

   Spells                             Type                      Level
   a - Shock                          Conjuration/Air              1
   b - Swiftness                      Charms/Air                   2
   c - Static Discharge               Conjuration/Air              3
   d - Airstrike                      Air                          4
   e - Lightning Bolt                 Conjuration/Air              5
 H - a book of Summonings

   Spells                             Type                      Level
   a - Recall                         Summoning/Translocation      3
   b - Aura of Abjuration             Summoning                    5
   c - Summon Demon                   Summoning                    5
   d - Summon Forest                  Summoning/Translocation      5
   e - Summon Mana Viper              Hexes/Summoning              5
   f - Shadow Creatures               Summoning                    6
Miscellaneous
 x - a phantom mirror
 C - a crystal ball of energy
 D - a phial of floods
Comestibles
 c - 12 bread rations
 z - 40 fruits
 A - 12 meat rations


   Skills:
 + Level 4.7 Fighting
 + Level 6.3 Axes
 + Level 10.7 Dodging
 - Level 3.4 Stealth
 - Level 0.1 Unarmed Combat
 + Level 22.2 Spellcasting
 + Level 14.0 Conjurations
 * Level 5.0 Fire Magic
 + Level 18.1 Air Magic


You had 28 spell levels left.
You knew the following spells:

 Your Spells              Type           Power        Failure   Level  Hunger
a - Shock                 Conj/Air       ####         0%          1    None
b - Swiftness             Chrm/Air       ######..     1%          2    None
c - Static Discharge      Conj/Air       #######.     0%          3    None
d - Airstrike             Air            #######...   0%          4    None
e - Lightning Bolt        Conj/Air       #######...   1%          5    None
f - Bolt of Fire          Conj/Fire      ######....   1%          6    None
g - Freezing Cloud        Conj/Ice/Air   ######....   1%          6    None


Dungeon Overview and Level Annotations

Branches:
Dungeon (1/1)

Altars:
Cheibriados
Dithmenos
Elyvilon
Fedhas
Gozag
Hepliaklqana
Kikubaaqudgha
Makhleb
Nemelex Xobeh
Okawaru
Qazlal
Ru
Sif Muna
Trog
Uskayaw
Vehumet
Xom
Yredelemnul
Zin
The Shining One
Beogh
Jiyva
Lugonu

Shops:
D %%}*


Message History

Confirm with . or Enter, or press ? or * to list all spells.
Aiming: Lightning Bolt
Press: ? - help, Shift-Dir - straight line, f/p - ice dragon
Aim: an ice dragon (moderately wounded, catching its breath)
You hear a mighty clap of thunder!
The bolt of lightning hits the ice dragon.
The ice dragon is heavily wounded.
The ice dragon misses you.
The ice dragon claws you but does no damage.
The ice dragon tramples you.
You stumble backwards!
Casting: Lightning Bolt
Confirm with . or Enter, or press ? or * to list all spells.
Aiming: Bolt of Fire
Press: ? - help, Shift-Dir - straight line, f/p - ice dragon
Aim: an ice dragon (heavily wounded, catching its breath)
The bolt of fire hits the ice dragon.
The ice dragon is burned terribly!
The ice dragon is severely wounded.
The ice dragon breathes frost at you. The blast of cold hits you!
You die...

.†.....÷..†%.............'.......
▓▓▓▓▓▓▓▓▓▓▓▓▓▓▓▓▓▓▓▓▓▓▓▓▓▓▓▓▓▓▓▓▓
.................)......)........
▓▓▓▓▓▓▓▓▓▓▓▓▓▓▓▓▓▓▓▓▓▓▓▓▓▓▓▓▓▓▓▓.
))).))).....)))))))'.....).......
▓▓▓▓▓▓▓▓▓▓▓▓▓▓▓▓▓▓▓▓▓▓▓▓▓▓▓▓▓▓▓▓▓
............................)....
▓▓▓▓▓▓▓▓▓▓▓▓▓▓▓▓▓▓▓▓▓▓▓▓▓▓▓▓▓▓▓▓.
.[[[..[[[.)))))D@).=...'.........
▓▓▓▓▓▓▓▓▓▓▓▓▓▓▓▓▓▓▓▓▓▓▓▓▓▓▓▓▓▓▓▓▓


You could see an ice dragon.

Vanquished Creatures
  2 hydras (D)
  2 two-headed ogres (D)
  A tengu warrior (D)
  13 orc high priests (D)
  Urug (D)
  4 orc knights (D)
  3 ugly things (D)
  2 cyclopes (D)
  A gargoyle (D)
  A spiny frog (D)
  A rime drake (D)
  3 blink frogs (D)
  A hippogriff (D)
  A shadow (D)
  Eustachio (D)
  A vampire mosquito (D)
  3 wargs (D)
  2 hell hounds (D)
  A porcupine (D)
  3 water moccasins (D)
  An ice beast (D)
  12 orc warriors (D)
  An eye of draining (D)
  3 wolves (D)
  2 crocodiles (D)
  4 bullfrogs (D)
  2 hounds (D)
  4 orc priests (D)
  An orc wizard (D)
  2 worker ants (D)
  An iguana (D)
  2 adders (D)
  2 shadow imps (D)
  A dart slug (D)
  8 orcs (D)
  A bat zombie (D)
  A goblin (D)
  A jackal (D)
  A kobold (D)
  A rat (D)
98 creatures vanquished.

Vanquished Creatures (others)
  A phantom (D)
1 creature vanquished.

Grand Total: 99 creatures vanquished

Notes
Turn   | Place    | Note
-------+----------+-------------------------------------------
     0 | D        | minicreteconcrete the Deep Elf Air Elementalist began the quest for the Orb.
     0 | D        | Reached XP level 1. HP: 10/10 MP: 6/6
    64 | D        | Noticed a worker ant
    64 | D        | Noticed an iguana
    72 | D        | Reached skill level 4 in Spellcasting
    72 | D        | Reached XP level 2. HP: 15/15 MP: 2/9
    73 | D        | Reached skill level 5 in Air Magic
    78 | D        | Reached skill level 5 in Spellcasting
    78 | D        | Reached XP level 3. HP: 13/19 MP: 0/11
    95 | D        | Reached XP level 4. HP: 14/24 MP: 0/13
   115 | D        | Found a roughly hewn altar of Beogh.
   115 | D        | Found a snail-covered altar of Cheibriados.
   115 | D        | Found a shadowy altar of Dithmenos.
   115 | D        | Found a white marble altar of Elyvilon.
   115 | D        | Found a blossoming altar of Fedhas.
   115 | D        | Found an opulent altar of Gozag.
   116 | D        | Found a hazy altar of Hepliaklqana.
   117 | D        | Found a viscous altar of Jiyva.
   118 | D        | Found an ancient bone altar of Kikubaaqudgha.
   119 | D        | Found a corrupted altar of Lugonu.
   120 | D        | Found a burning altar of Makhleb.
   121 | D        | Found a sparkling altar of Nemelex Xobeh.
   122 | D        | Found an iron altar of Okawaru.
   123 | D        | Found a stormy altar of Qazlal.
   124 | D        | Found a sacrificial altar of Ru.
   125 | D        | Found a deep blue altar of Sif Muna.
   126 | D        | Found a bloodstained altar of Trog.
   127 | D        | Found a hide-covered altar of Uskayaw.
   128 | D        | Found a radiant altar of Vehumet.
   130 | D        | Found a shimmering altar of Xom.
   131 | D        | Found a basalt altar of Yredelemnul.
   132 | D        | Found a glowing silver altar of Zin.
   133 | D        | Found a glowing golden altar of the Shining One.
   136 | D        | Became a worshipper of Vehumet
   153 | D        | Got the +3 war axe "Redaghi" {chop, *Rage rPois rN++ MP+9}
   179 | D        | Learned a level 2 spell: Swiftness
   183 | D        | Learned a level 3 spell: Static Discharge
   188 | D        | Learned a level 4 spell: Airstrike
   248 | D        | Noticed an orc warrior
   248 | D        | Noticed an ice beast
   303 | D        | Killed an ice beast
   303 | D        | Reached skill level 5 in Dodging
   303 | D        | Reached skill level 7 in Spellcasting
   303 | D        | Reached XP level 5. HP: 13/28 MP: 16/16
   478 | D        | Killed an orc warrior
   478 | D        | Reached skill level 1 in Fighting
   478 | D        | Reached skill level 1 in Axes
   478 | D        | Reached skill level 8 in Spellcasting
   481 | D        | Reached * piety under Vehumet
   481 | D        | Offered knowledge of Freeze by Vehumet.
   481 | D        | Reached skill level 9 in Spellcasting
   481 | D        | Reached XP level 6. HP: 34/34 MP: 1/20
   501 | D        | Learned a level 5 spell: Lightning Bolt
   633 | D        | Reached ** piety under Vehumet
   633 | D        | Offered knowledge of Searing Ray by Vehumet.
   653 | D        | Noticed a gargoyle
   656 | D        | Reached *** piety under Vehumet
   657 | D        | Reached skill level 10 in Spellcasting
   657 | D        | Reached skill level 10 in Air Magic
   659 | D        | Killed a gargoyle
   659 | D        | Reached skill level 11 in Spellcasting
   659 | D        | Reached XP level 7. HP: 17/40 MP: 3/23
  1023 | D        | Noticed a blink frog
  1023 | D        | Noticed a hippogriff
  1023 | D        | Noticed a blink frog
  1024 | D        | Offered knowledge of Conjure Flame by Vehumet.
  1025 | D        | Reached skill level 12 in Spellcasting
  1025 | D        | Killed a hippogriff
  1025 | D        | Reached **** piety under Vehumet
  1025 | D        | Reached XP level 8. HP: 45/45 MP: 26/26
  1028 | D        | Killed a blink frog
  1030 | D        | Reached skill level 13 in Spellcasting
  1030 | D        | Reached skill level 5 in Conjurations
  1032 | D        | Killed a blink frog
  1033 | D        | Reached ***** piety under Vehumet
  1157 | D        | Noticed a four-headed hydra
  1157 | D        | Noticed a spiny frog
  1157 | D        | Noticed a five-headed hydra
  1157 | D        | Noticed a blink frog
  1160 | D        | Killed a five-headed hydra
  1160 | D        | Reached skill level 5 in Axes
  1160 | D        | Reached skill level 14 in Spellcasting
  1160 | D        | Reached XP level 9. HP: 39/51 MP: 29/29
  1160 | D        | Reached skill level 15 in Spellcasting
  1160 | D        | Killed a four-headed hydra
  1162 | D        | Noticed a rime drake
  1163 | D        | Killed a spiny frog
  1163 | D        | Reached skill level 16 in Spellcasting
  1163 | D        | Reached XP level 10. HP: 43/56 MP: 32/32
  1237 | D        | Offered knowledge of Dazzling Spray by Vehumet.
  1237 | D        | Reached ****** piety under Vehumet
  1294 | D        | Noticed Eustachio
  1298 | D        | Killed Eustachio
  1338 | D        | Noticed Urug
  1341 | D        | Killed Urug
  1341 | D        | Reached skill level 17 in Spellcasting
  1341 | D        | Reached skill level 15 in Air Magic
  1376 | D        | Noticed an orc high priest
  1380 | D        | Killed an orc high priest
  1385 | D        | Offered knowledge of Iskenderun's Battlesphere by Vehumet.
  1470 | D        | Noticed an orc high priest
  1470 | D        | Noticed an orc knight
  1473 | D        | Killed an orc high priest
  1473 | D        | Reached skill level 18 in Spellcasting
  1474 | D        | Noticed an orc knight
  1474 | D        | Killed an orc knight
  1474 | D        | Reached skill level 10 in Conjurations
  1474 | D        | Reached XP level 11. HP: 51/61 MP: 35/35
  1477 | D        | Killed an orc knight
  1486 | D        | Reached skill level 19 in Spellcasting
  1632 | D        | Found Doxebb's Assorted Antiques.
  1632 | D        | Noticed an orc knight
  1632 | D        | Noticed an orc high priest
  1632 | D        | Noticed an orc high priest
  1632 | D        | Noticed an orc high priest
  1632 | D        | Noticed an orc high priest
  1634 | D        | Noticed an orc high priest
  1634 | D        | Killed an orc high priest
  1634 | D        | Offered knowledge of Bolt of Fire by Vehumet.
  1635 | D        | Killed an orc high priest
  1636 | D        | Killed an orc high priest
  1636 | D        | Killed an orc knight
  1636 | D        | Reached skill level 10 in Dodging
  1636 | D        | Reached skill level 20 in Spellcasting
  1636 | D        | Killed an orc high priest
  1637 | D        | Noticed an orc high priest
  1637 | D        | Killed an orc high priest
  1639 | D        | Noticed an orc high priest
  1641 | D        | Killed an orc high priest
  1642 | D        | Noticed an orc knight
  1643 | D        | Noticed an orc high priest
  1643 | D        | Killed an orc high priest
  1704 | D        | Killed an orc knight
  1716 | D        | Learned a level 6 spell: Bolt of Fire
  1754 | D        | Noticed an orc high priest
  1758 | D        | Noticed an orc high priest
  1759 | D        | Killed an orc high priest
  1759 | D        | Offered knowledge of Conjure Ball Lightning by Vehumet.
  1759 | D        | Reached skill level 21 in Spellcasting
  1760 | D        | Killed an orc high priest
  1760 | D        | Killed an orc high priest
  1760 | D        | Reached XP level 12. HP: 40/67 MP: 13/39
  1764 | D        | Noticed an orc high priest
  1843 | D        | Killed an orc high priest
  1887 | D        | Found Vebbas's Gadget Shop.
  1891 | D        | Found Gyrisuk's Food Boutique.
  1895 | D        | Found Sobb's Food Shop.
  1908 | D        | Bought a phantom mirror for 360 gold pieces
  1908 | D        | Bought a crystal ball of energy for 240 gold pieces
  1908 | D        | Bought a phial of floods for 480 gold pieces
  1910 | D        | Bought a scroll labeled JYRUSODGHOE for 21 gold pieces
  1910 | D        | Bought a blackened ivory ring for 105 gold pieces
  1910 | D        | Bought a notched cabochon ring for 105 gold pieces
  1910 | D        | Bought a leatherbound book for 315 gold pieces
  2051 | D        | Got the +4 shield of Baldness {rF+++ MP-9 Int+4}
  2080 | D        | Noticed a two-headed ogre
  2080 | D        | Noticed a two-headed ogre
  2081 | D        | Killed a two-headed ogre
  2081 | D        | Reached skill level 1 in Fire Magic
  2086 | D        | Killed a two-headed ogre
  2090 | D        | Offered knowledge of Freezing Cloud by Vehumet.
  2133 | D        | Reached skill level 22 in Spellcasting
  2141 | D        | Learned a level 6 spell: Freezing Cloud
  2167 | D        | Noticed a tengu warrior
  2245 | D        | Killed a tengu warrior
  2267 | D        | Reached skill level 5 in Fire Magic
  2273 | D        | Noticed an ice dragon
  2279 | D        | Killed from afar by an ice dragon

Skill      XL: |  1  2  3  4  5  6  7  8  9 10 11 12 |
---------------+-------------------------------------+-----
Dodging        | 3 4 5 6 7 8 9 10 | 10.7
Air Magic      | 4 6 8 9 11 13 14 15 17 18 | 18.1
Spellcasting   | 4 5 7 9 11 12 14 16 18 21 22 | 22.2
Stealth        | 3 |  3.4
Conjurations   | 2 3 4 6 7 10 12 14 | 14.0
Fighting       | 1 2 3 4 |  4.7
Axes           | 1 3 4 5 6 |  6.3
Fire Magic     | 5 |  5.0
Unarmed Combat | |  0.1

Action                   |  1- 3 |  4- 6 |  7- 9 | 10-12 || total
-------------------------+-------+-------+-------+-------++-------
Melee: Unarmed           |    11 |       |       |       ||    11
       War axe           |       |    10 |       |       ||    10
       Staff             |       |       |     3 |    17 ||    20
 Cast: Shock             |    12 |     3 |       |       ||    15
       Airstrike         |       |     7 |     3 |     1 ||    11
       Lightning Bolt    |       |     5 |     9 |    75 ||    89
       Static Discharge  |       |       |     1 |     2 ||     3
       Bolt of Fire      |       |       |       |     1 ||     1
  Use: Potion            |     2 |       |       |     1 ||     3
       Scroll            |       |       |       |     1 ||     1
  Eat: Chunk             |       |       |     3 |     2 ||     5
       Bread ration      |       |       |       |     1 ||     1
Armor: Robe              |     4 |     4 |     1 |     4 ||    13
Dodge: Dodged            |    24 |    14 |     6 |    28 ||    72
